 Dungeon Crawl Stone Soup version 0.28.0-53-g5a82cb258f (webtiles) character file.

Game seed: 10771646598603633914

11627 Zeld the Fighter (level 11, -8/107 HPs)
             Began as a Minotaur Berserker on May 23, 2022.
             Was a High Priest of Trog.
             Shot with an arrow by a centaur warrior (10 damage)
             ... on level 11 of the Dungeon.
             The game lasted 00:12:16 (12918 turns).

Zeld the Fighter (Minotaur Berserker)              Turns: 12918, Time: 00:12:16

Health: -8/107     AC: 13    Str: 33    XL:     11   Next: 51%
Magic:  10/10      EV: 13    Int:  4    God:    Trog [*****.]
Gold:   692        SH:  0    Dex: 10    Spells: 10/10 levels left

rFire   . . .      SeeInvis .   a - +6 battleaxe of Uroollu {vorpal, *Slow Str+7 Stlth+}
rCold   . . .      Faith    .   (shield currently unavailable)
rNeg    + . .      Spirit   .   J - +2 scale mail "Zuimy" {rN+ Stlth+}
rPois   +          Reflect  .   (helmet restricted)
rElec   .          Harm     .   n - +0 cloak {Stlth+}
rCorr   .          Rampage  .   (no gloves)
Will    ++...                   w - +0 pair of boots
Stlth   +++.......              u - amulet of regeneration
HPRegen 2.07/turn               I - ring of poison resistance
MPRegen 0.12/turn               N - ring of flight

@: strong-willed, flying, regenerating
A: horns 2, retaliatory headbutt
a: Renounce Religion, Berserk, Trog's Hand, Brothers in Arms


You were on level 11 of the Dungeon.
You worshipped Trog.
Trog was extremely pleased with you.
You visited 3 branches of the dungeon, and saw 13 of its levels.
You also visited: Sewer.

You collected 692 gold pieces.

Inventory:

Hand Weapons
 a - the +6 battleaxe of Uroollu (weapon) {vorpal, *Slow Str+7 Stlth+}
   (Trog gifted it to you on level 9 of the Dungeon)

   It inflicts extra damage upon your enemies.
   Str:       It affects your strength (+7).
   *Slow:     It may slow you when you take damage.
   Stlth:     It makes you more stealthy.
Armour
 g - a +1 pair of boots
 n - a +0 cloak of stealth (worn)
 w - a +0 pair of boots (worn)
 J - the +2 scale mail "Zuimy" (worn) {rN+ Stlth+}
   (You found it on level 8 of the Dungeon)

   rN:        It protects you from negative energy.
   Stlth:     It makes you more stealthy.
Jewellery
 e - a ring of protection from fire
 u - an amulet of regeneration (around neck)
 I - a ring of poison resistance (left hand)
 L - a ring of protection from cold
 N - a ring of flight (right hand)
Wands
 b - a wand of paralysis (2)
 i - a wand of mindburst (18)
 v - a wand of polymorph (6)
 H - a wand of iceblast (6)
 M - a wand of digging (3)
Scrolls
 f - a scroll of fog {unknown}
 j - 4 scrolls of teleportation {unknown}
 l - 15 scrolls of identify {unknown}
 m - 3 scrolls of immolation {unknown}
 p - 3 scrolls of noise {unknown}
 s - 2 scrolls of enchant armour {unknown}
 t - 3 scrolls of blinking {unknown}
 y - 2 scrolls of silence {unknown}
 A - 4 scrolls of torment {unknown}
 B - 3 scrolls of fear {unknown}
 F - a scroll of amnesia {unknown}
 G - 2 scrolls of vulnerability {unknown}
 K - 2 scrolls of holy word {unknown}
Potions
 c - 3 potions of lignification {unknown}
 h - 3 potions of ambrosia {unknown}
 k - 2 potions of degeneration
 o - 3 potions of haste {unknown}
 q - 4 potions of mutation
 r - 3 potions of brilliance {unknown}
 x - 3 potions of heal wounds {unknown}
 z - 2 potions of invisibility {unknown}
 C - 5 potions of flight
 D - a potion of curing {unknown}
 E - a potion of resistance {unknown}


   Skills:
 * Level 13.2 Fighting
 * Level 13.2 Axes
 + Level 9.4 Armour
 + Level 8.5 Dodging


You had 10 spell levels left.
You didn't know any spells.
Your spell library was empty.

Dungeon Overview and Level Annotations

Branches:
Dungeon (11/15)            Temple (1/1) D:4             Orc (1/2) D:10
  Sewer (visited)
   Lair: D:8-11

Altars:
Ashenzari
Cheibriados
Dithmenos
Elyvilon
Fedhas
Gozag
Hepliaklqana
Kikubaaqudgha
Makhleb
Nemelex Xobeh
Okawaru
Qazlal
Ru
Sif Muna
Trog
Uskayaw
Vehumet
Wu Jian
Xom
Yredelemnul
Zin
The Shining One

Annotations:
D:10 1 runed translucent door, Zeld's ghost, novice MfIE


Innate Abilities, Weirdness & Mutations

You have a pair of horns on your head.
You reflexively headbutt those who attack you in melee.


Message History

The orc shouts!
You hear a howl!
You hit the orc priest but do no damage.
You headbutt the orc priest!
The orc priest is severely wounded.
The orc priest calls down the wrath of Beogh upon you.
Beogh smites you!
* * * LOW HITPOINT WARNING * * *
The orc priest invokes the aid of Beogh against you.
You struggle to resist.
The orc priest casts a cantrip, but nothing happens.
The orc priest mumbles some strange prayers to Beogh against you.
Beogh smites you!
* * * LOW HITPOINT WARNING * * *
An orc priest comes into view. It is wielding a +0 flail.
The orc priest looks encouraged for a moment.
The orc priest moves out of view.
The warg closely misses you.
The orc priest calls upon Beogh to heal the orc priest.
The orc priest is healed somewhat.
The orc priest miscasts a cantrip.
The warg bites you but does no damage.
Your skin crawls.
You feel strong-willed.
A centaur warrior comes into view.
The warg bites you.
* * * LOW HITPOINT WARNING * * *
The centaur warrior shouts!
You hit the warg.
The warg is moderately wounded.
The centaur warrior wields a +0 shortbow.
The centaur warrior shoots an arrow.
The arrow hits you!
* * * LOW HITPOINT WARNING * * *
The warg closely misses you.
You slice the warg!!
You kill the warg!
Trog accepts your kill.
The centaur warrior shoots an arrow.
The arrow hits you!
* * * LOW HITPOINT WARNING * * *
The centaur warrior shoots an arrow.
The arrow hits you!
You die...

###.. ... ... #.. #.#
#######.#######c.
........o@.......
#####..#######...
######o.# ...########
........#######...........
.......o..................
............### #........
.......o....# #..######
.......o....######..######
..
.........o................


You could see a centaur warrior, an orc priest and an orc.

Vanquished Creatures
  2 skeletal warriors
  A gargoyle (D:11)
  Psyche (D:8)
  A freezing wraith (D:9)
  A tengu conjurer (D:10)
  The ghost of Anandil the Sneak, an amateur GnWn of Ashenzari (D:5)
  A troll (D:10)
  A hornet (D:10)
  A wraith (D:10)
  17 yaks
  2 wyverns
  An acid dragon (D:9)
  A warg (D:11)
  Duvessa (D:5)
  2 sky beasts
  2 hornet zombies
  2 ice beasts (D:6)
  6 orc warriors
  4 ogres
  4 centaurs
  A phantom (D:5)
  3 kobold brigands
  3 bullfrogs
  3 scorpions
  2 gnoll sergeants
  A wyvern skeleton (D:6)
  Dowan (D:5)
  18 killer bees
  9 wights
  4 howler monkeys
  A bullfrog zombie (D:6)
  5 centaur zombies
  3 hounds
  Crazy Yiuf (D:2)
  3 jellies
  5 orc priests
  Ijyb (D:4)
  Natasha (thrice) (D:2)
  An iguana (D:5)
  7 orc wizards
  A scorpion zombie (D:5)
  A killer bee zombie (D:8)
  A hound zombie (D:5)
  2 hound skeletons
  2 howler monkey zombies (D:7)
  12 gnolls
  15 adders
  8 river rats (Sewer)
  2 shadow imps (D:6)
  5 worms
  2 dart slugs
  35 orcs
  6 ball pythons
  11 endoplasms
  7 giant cockroaches
  3 goblins
  5 hobgoblins
  7 jackals
  6 quokkas
  7 bats
  5 frilled lizards
  41 kobolds
  12 rats
323 creatures vanquished.

Vanquished Creatures (others)
  A yak (D:11)
  7 plants (D:7)
8 creatures vanquished.

Grand Total: 331 creatures vanquished

Notes
Turn   | Place    | Note
-------+----------+-------------------------------------------
     0 | D:1      | Zeld the Minotaur Berserker began the quest for the Orb.
     0 | D:1      | Reached XP level 1. HP: 19/19 MP: 0/0
   377 | D:1      | Reached XP level 2. HP: 25/27 MP: 1/1
   928 | D:2      | Found a faded altar of an unknown god.
  1062 | D:2      | Found a sparkling altar of Nemelex Xobeh.
  1064 | D:2      | Noticed Natasha
  1070 | D:2      | Noticed a crimson imp
  1075 | D:2      | HP: 1/27 [dart slug (1)]
  1078 | D:2      | Noticed a crimson imp
  1078 | D:2      | Killed Natasha
  1079 | D:2      | Reached XP level 3. HP: 4/34 MP: 2/2
  1483 | D:2      | Reached XP level 4. HP: 41/41 MP: 3/3
  1687 | D:2      | Reached ** piety under Trog
  1729 | D:2      | Found a runed translucent door.
  1730 | D:2      | Noticed Crazy Yiuf
  1794 | D:2      | Killed Crazy Yiuf
  1964 | D:2      | Noticed Natasha
  1970 | D:2      | Killed Natasha
  1971 | D:2      | Reached XP level 5. HP: 36/47 MP: 4/4
  2077 | D:2      | Noticed Natasha
  2130 | D:2      | Found a sparkling altar of Nemelex Xobeh.
  2166 | D:2      | Killed Natasha
  2167 | D:2      | Reached skill level 5 in Fighting
  2167 | D:2      | Reached skill level 5 in Axes
  2525 | D:2      | Found a faded altar of an unknown god.
  2675 | D:3      | Found a shimmering altar of Xom.
  2683 | D:3      | Found a shadowy altar of Dithmenos.
  3722 | D:4      | Found a staircase to the Ecumenical Temple.
  3732 | D:4      | Reached XP level 6. HP: 40/56 MP: 5/5
  3741 | Temple   | Entered the Ecumenical Temple
  4481 | D:4      | Noticed a yak
  4482 | D:4      | Noticed a yak
  4482 | D:4      | Noticed a yak
  4482 | D:4      | Noticed a yak
  4483 | D:4      | Noticed a yak
  4494 | D:4      | Killed a yak
  4495 | D:4      | Reached XP level 7. HP: 59/63 MP: 6/6
  4499 | D:4      | Killed a yak
  4505 | D:4      | Killed a yak
  4522 | D:3      | Killed a yak
  4523 | D:3      | Reached skill level 5 in Armour
  4523 | D:3      | Reached XP level 8. HP: 13/73 MP: 7/7
  5080 | D:4      | Found an opulent altar of Gozag.
  5124 | D:4      | Reached *** piety under Trog
  5368 | D:4      | Noticed Ijyb
  5375 | D:4      | Reached skill level 5 in Dodging
  5381 | D:4      | Killed Ijyb
  5451 | D:4      | Found a hide-covered altar of Uskayaw.
  5675 | D:5      | Entered Level 5 of the Dungeon
  5847 | D:5      | Reached XP level 9. HP: 82/82 MP: 8/8
  5914 | D:5      | Noticed Dowan
  5922 | D:5      | Noticed Duvessa
  5933 | D:5      | Killed Duvessa
  5934 | D:5      | Killed Dowan
  5989 | D:5      | Reached **** piety under Trog
  5992 | D:5      | Found a glowing drain.
  5999 | Sewer    | Entered a sewer
  6741 | D:5      | Found a runed translucent gate.
  6741 | D:5      | Found a runed translucent gate.
  6741 | D:5      | Found a runed translucent gate.
  6741 | D:5      | Noticed Anandil's ghost (amateur GnWn)
  6743 | D:5      | Found a basalt altar of Yredelemnul.
  6775 | D:5      | Killed Anandil's ghost
  6969 | D:5      | Found a glowing silver altar of Zin.
  6969 | D:5      | Found an iron altar of Okawaru.
  7428 | D:6      | Reached skill level 10 in Fighting
  7428 | D:6      | Reached skill level 10 in Axes
  8134 | D:6      | Reached ***** piety under Trog
  9431 | D:8      | Reached XP level 10. HP: 55/92 MP: 9/9
  9580 | D:8      | Identified the +2 scale mail "Zuimy" {rN+ Stlth+}
 10182 | D:8      | Noticed Psyche
 10200 | D:8      | Killed Psyche
 10623 | D:8      | Found a shimmering blue altar of Sif Muna.
 11178 | D:9      | Identified the +6 battleaxe of Uroollu {vorpal, *Slow Str+7
                  | Stlth+} (Trog gifted it to you on level 9 of the Dungeon)
 11178 | D:9      | Received a gift from Trog
 11312 | D:10     | Entered Level 10 of the Dungeon
 11526 | D:10     | Noticed a skeletal warrior
 11605 | D:10     | Reached XP level 11. HP: 99/104 MP: 10/10
 11760 | D:10     | Found a staircase to the Orcish Mines.
 11881 | D:10     | Killed a skeletal warrior
 11919 | D:10     | Noticed a skeletal warrior
 12333 | D:9      | Killed a skeletal warrior
 12685 | D:10     | Found a runed translucent door.
 12685 | D:10     | Found a shimmering altar of Xom.
 12685 | D:10     | Noticed Zeld's ghost (novice MfIE)
 12686 | D:10     | Noticed a +0 scimitar of chaos
 12798 | Orc:1    | Entered Level 1 of the Orcish Mines
 12916 | D:11     | Noticed a centaur warrior
 12918 | D:11     | HP: 2/107 [centaur warrior/arrow (17)]
 12918 | D:11     | Shot with an arrow by a centaur warrior

Illustrated notes

Levels and vault maps discovered:
D:1:      onia_arrival_handbag, layout_loops_ring,
          amcnicky_mini_rare_corridor_liquid
D:2:      layout_basic, basic_altar, hellmonk_ecumenical_altar_prayer_group,
          minmay_misc_feat_tower, uniq_crazy_yiuf_cottage, uniq_natasha
D:3:      layout_basic, amethyst_overflow_temple_binary
D:4:      kennysheep_big_flooded_room, layout_loops_ring,
          mainiacjoe_overflow_paths, mainiacjoe_overflow_24_doors,
          minmay_temple_entry_statues_pillars, uniq_ijyb
D:5:      layout_cave_pools, gammafunk_temple_overflow_wave,
          nicolae_yredelemnul_ghost_church, gup_sewer_entry_bubbles,
          uniq_duvessa
D:6:      layout_layer_cave
D:7:      kennysheep_kobold_camp, layout_rooms,
          hangedman_abyss_or_decor_jellyfish_corner
D:8:      layout_loops_corners, nicolae_sif_muna_little_library, uniq_psyche
D:9:      layout_roguey, eino_small_chamber_without_monster
D:10:     layout_small_grid, david_orc_2, ebering_ghost_xom, kb_rosetta
D:11:     layout_long_grid, erik_lair_orcish_takeover
Temple:   minmay_temple_curvy_branch
Orc:1:    layout_caves, basic_altar

Skill      XL: |  1  2  3  4  5  6  7  8  9 10 11 |
---------------+----------------------------------+-----
Fighting       | 4 5 6 7 8 10 12 13 | 13.2
Axes           | 4 5 6 7 8 10 12 13 | 13.2
Armour         | 3 4 5 6 7 8 9 |  9.4
Dodging        | 3 4 5 6 7 8 |  8.5

Action                   |  1- 3 |  4- 6 |  7- 9 | 10-12 || total
-------------------------+-------+-------+-------+-------++-------
Melee: Hand axe          |    79 |    70 |    45 |    14 ||   208
       Headbutt          |    14 |    20 |    56 |    84 ||   174
       Punch             |     1 |     2 |     4 |     4 ||    11
       War axe           |       |    30 |   291 |       ||   321
       Unarmed           |       |       |       |   241 ||   241
       Battleaxe         |       |       |       |   112 ||   112
Invok: Berserk           |     1 |       |       |     2 ||     3
       Trog's Hand       |       |       |       |     1 ||     1
 Stab: Sleeping          |       |     5 |     8 |     4 ||    17
Armor: Animal skin       |    16 |    17 |    87 |     1 ||   121
       Scale mail        |       |       |       |   195 ||   195
Dodge: Dodged            |    65 |    74 |   243 |   208 ||   590
